 Dungeon Crawl Stone Soup version 0.28-a0-1087-gf3fc490d9d (webtiles) character file.

Game seed: 10958845568346853360

436 leviel the Cleaver (level 7, -13/57 HPs)
             Began as a Hill Orc Fighter on Dec 11, 2021.
             Killed from afar by a steam dragon (19 damage)
             ... with a ball of steam
             ... on level 4 of the Dungeon.
             The game lasted 00:04:20 (4064 turns).

leviel the Cleaver (Hill Orc Fighter)               Turns: 4064, Time: 00:04:21

Health: -13/57     AC:  9    Str: 21    XL:     7   Next: 1%
Magic:  7/7        EV:  9    Int:  8    God:
Gold:   138        SH:  4    Dex: 10    Spells: 6/6 levels left

rFire   . . .      SeeInvis .   a - +0 war axe
rCold   . . .      Faith    .   c - +0 buckler
rNeg    . . .      Spirit   .   b - +0 scale mail
rPois   .          Reflect  .   i - +0 helmet
rElec   .          Harm     .   (no cloak)
rCorr   .          Rampage  .   j - +0 pair of gloves
Will    .....                   (no boots)
Stlth   ..........              (no amulet)
HPRegen 0.19/turn               (no ring)
MPRegen 0.10/turn               (no ring)

@: mighty, brilliant
A: no striking features
a: no special abilities


You were on level 4 of the Dungeon.
You visited 1 branch of the dungeon, and saw 4 of its levels.

You collected 223 gold pieces.
You spent 85 gold pieces at shops.

Inventory:

Hand Weapons
 a - a +0 war axe (weapon)
 h - a +5 short sword
Armour
 b - a +0 scale mail (worn)
 c - a +0 buckler (worn)
 i - a +0 helmet (worn)
 j - a +0 pair of gloves (worn)
 r - a +0 cloak of poison resistance
Scrolls
 e - 2 scrolls of teleportation {unknown}
 f - a scroll of enchant armour {unknown}
 k - 3 scrolls of identify {unknown}
 m - a scroll of enchant weapon {unknown}
 n - a scroll of magic mapping {unknown}
Potions
 d - a potion of might
 g - 2 potions of curing {unknown}
 l - 2 potions of brilliance
 o - a potion of haste {unknown}
 p - a potion of invisibility {unknown}
 q - 2 potions of lignification {unknown}


   Skills:
 - Level 3.6 Fighting
 + Level 9.6 Axes
 - Level 3.2 Armour
 - Level 3.2 Shields


You had 6 spell levels left.
You didn't know any spells.
Your spell library contained the following spells:

 Spells                   Type           Power      Damage    Failure   Level
 Slow                     Hex            0%         N/A       78%         1
 Confusing Touch          Hex            0%         N/A       98%         3
 Vampiric Draining        Necr           0%         2d6       98%         3


Dungeon Overview and Level Annotations

Branches:
Dungeon (4/15)
 Temple: D:4-7

Altars:
Yredelemnul

Shops:
D:2 =   D:4 [


Message History

The steam dragon is moderately wounded.
You are engulfed in a cloud of scalding steam.
The steam dragon bites you but does no damage.
The steam dragon closely misses you.
You barely miss the steam dragon.
The steam dragon is moderately wounded.
You are engulfed in a cloud of scalding steam.
The steam dragon bites you. The steam dragon barely misses you.
You closely miss the steam dragon.
The steam dragon is moderately wounded.
The steam dragon bites you. The steam dragon claws you.
You hit the steam dragon but do no damage.
The steam dragon is moderately wounded.
The steam dragon bites you but does no damage.
The steam dragon claws you.
You barely miss the steam dragon.
The steam dragon is moderately wounded.
The steam dragon bites you. The steam dragon closely misses you.
You closely miss the steam dragon.
The steam dragon is moderately wounded.
The steam dragon bites you. The steam dragon closely misses you.
You hit the steam dragon.
The steam dragon is moderately wounded.
The steam dragon barely misses you.
The steam dragon claws you but does no damage.
You hit the steam dragon but do no damage.
The steam dragon is moderately wounded.
The steam dragon breathes steam at you. The ball of steam misses you.
You are engulfed in a cloud of scalding steam.
* * * LOW HITPOINT WARNING * * *
You feel very mighty all of a sudden. The steam dragon bites you!
* * * LOW HITPOINT WARNING * * *
The steam dragon claws you but does no damage.
It was a potion of brilliance.
You feel clever all of a sudden. The steam dragon breathes steam at you.
The ball of steam hits you!!
You die...

.......### #.#
##'## #####.##
#.# #.# #.#
#.# #####.####
#.# #.#
#......... #
#.# #.#
#.##...##.
#####.# #.#
#####.#..#....
......# #.#
...........##.
#######
#.###.#
##.###.###. #
#.@D..#
#.#######.
#######
#.........
#########


You could see a steam dragon (catching breath).

Vanquished Creatures
  A black bear (D:2)
  A necrophage (D:4)
  A howler monkey (D:4)
  2 orc priests (D:3)
  An orc wizard (D:4)
  A hound skeleton (D:4)
  5 adders
  An adder skeleton (D:4)
  2 worms
  A dart slug (D:1)
  4 orcs
  2 endoplasms
  4 giant cockroaches
  6 goblins
  6 hobgoblins
  5 quokkas
  8 ball pythons
  10 bats
  3 frilled lizards
  3 kobolds (D:1)
  10 rats
77 creatures vanquished.

Notes
Turn   | Place    | Note
-------+----------+-------------------------------------------
     0 | D:1      | leviel the Hill Orc Fighter began the quest for the Orb.
     0 | D:1      | Reached XP level 1. HP: 19/19 MP: 1/1
    29 | D:1      | Reached skill level 3 in Axes
   437 | D:1      | Reached XP level 2. HP: 26/26 MP: 2/2
   667 | D:1      | Found a faded altar of an unknown god.
   683 | D:1      | Reached skill level 4 in Axes
  1472 | D:1      | Reached XP level 3. HP: 31/31 MP: 3/3
  1729 | D:2      | Reached skill level 5 in Axes
  2023 | D:2      | Noticed a black bear
  2031 | D:2      | Killed a black bear
  2032 | D:2      | Reached skill level 6 in Axes
  2032 | D:2      | Reached XP level 4. HP: 39/39 MP: 4/4
  2032 | D:2      | Reached XP level 5. HP: 45/45 MP: 5/5
  2069 | D:2      | Reached skill level 7 in Axes
  2200 | D:2      | Found Lompesk's Jewellery Boutique.
  2369 | D:3      | Found a basalt altar of Yredelemnul.
  2811 | D:3      | Reached skill level 8 in Axes
  2811 | D:3      | Reached XP level 6. HP: 51/51 MP: 6/6
  3731 | D:4      | Found Kaxizy's Armour Shop.
  3748 | D:4      | Bought a +0 cloak of poison resistance for 85 gold pieces
  3984 | D:4      | Reached skill level 9 in Axes
  3993 | D:4      | Noticed a necrophage
  4002 | D:4      | Killed a necrophage
  4003 | D:4      | Reached XP level 7. HP: 57/57 MP: 7/7
  4051 | D:4      | Noticed a steam dragon
  4064 | D:4      | Killed from afar by a steam dragon

Illustrated notes

Levels and vault maps discovered:
D:1:      dpeg_arrival_another_circle, layout_basic,
          ebering_ecumenical_altar_mist
D:2:      layout_rooms, serial_shops, nicolae_lakefront_shop
D:3:      layout_rooms, overflow_temple_1_default
D:4:      layout_loops_corners, serial_shops, nicolae_stop_n_shop_1

Skill      XL: |  1  2  3  4  5  6 |
---------------+-------------------+-----
Axes           | 3 4 6 8 9 |  9.6
Fighting       | |  3.6
Armour         | |  3.2
Shields        | |  3.2

Action                   |  1- 3 |  4- 6 |  7- 9 || total
-------------------------+-------+-------+-------++-------
Melee: War axe           |   116 |   119 |     9 ||   244
  Use: Potion            |     1 |       |     2 ||     3
Armor: Scale mail        |    55 |    67 |     4 ||   126
Dodge: Dodged            |    48 |    49 |     6 ||   103
Block: Buckler           |    31 |    23 |       ||    54

Table legend: (Time is in decaauts)
 A = Elapsed time spent in this place.
 B = Non-inter-level travel time spent in this place.
 C = Inter-level travel time spent in this place.
 D = Time resting spent in this place.
 E = Time spent auto-exploring this place.
 F = Levels seen in this place.
 G = Mean time per level.
                   A        B        C        D        E       F      G
               +--------+--------+--------+--------+--------+-----+--------+
         Total |   4113 |   4002 |    111 |    343 |   3046 |   4 | 1028.2 |
       Dungeon |   4113 |   4002 |    111 |    343 |   3046 |   4 | 1028.2 |
               +--------+--------+--------+--------+--------+-----+--------+

Top non-repeatable levels by time:
     D:1: 1696 daAuts
     D:2: 952 daAuts
     D:4: 848 daAuts
     D:3: 615 daAuts
